 Dungeon Crawl Stone Soup version 0.17.1-3-g152610e (webtiles) character file.

101 juanjsm the Sneak (level 4, 0/21 HPs)
             Began as a Spriggan Enchanter on Apr 1, 2016.
             Slain by Robin
             ... wielding a +0 club
              (2 damage)
             ... on level 2 of the Dungeon.
             The game lasted 00:06:18 (1390 turns).

juanjsm the Sneak (Spriggan Enchanter)              Turns: 1390, Time: 00:06:18

Health: 0/21       AC:  3    Str:  4    XL:     4   Next: 48%
Magic:  1/10       EV: 18    Int: 17    God:
Gold:   55         SH:  0    Dex: 16    Spells: 4 memorised, 0 levels left

rFire  . . .     SeeInvis +     a - +1 dagger
rCold  . . .     Clarity  .     b - +1 robe
rNeg   . . .     SustAt   .     (shield restricted)
rPois  .         Gourm    .     (helmet restricted)
rElec  .         Spirit   .     (no cloak)
rCorr  .         Warding  .     (gloves unavailable)
rMut   .         Stasis   .     (boots unavailable)
MR     +....                    (no amulet)
Stlth  ++++......               (no ring)
                                i - ring of protection from magic

@: very slightly contaminated, very quick, somewhat resistant to hostile
enchantments, stealthy
A: unfitting armour, see invisible, herbivore 3, speed 3, slow metabolism 2
a: no special abilities


You were on level 2 of the Dungeon.
You were not hungry.

You visited 1 branch of the dungeon, and saw 2 of its levels.

You collected 55 gold pieces.

Inventory:

Hand Weapons
 a - a +1 dagger (weapon)
Armour
 b - a +1 robe (worn)
Jewellery
 i - a ring of protection from magic (left hand)
Wands
 j - a wand of flame (12)
Scrolls
 g - 2 scrolls of noise {unknown}
 h - 2 scrolls of magic mapping {unknown}
 k - a scroll of remove curse {unknown}
Potions
 e - a potion of brilliance {unknown}
 f - a potion of heal wounds {unknown}
Books
 c - a book of Maledictions

   Spells                             Type                      Level
   a - Corona                         Hexes                        1
   b - Ensorcelled Hibernation        Hexes/Ice                    2
   c - Confuse                        Hexes                        3
   d - Tukima's Dance                 Hexes                        3
   e - Dazzling Spray                 Conjuration/Hexes            3
Comestibles
 d - 2 bread rations


   Skills:
 + Level 1.1 Short Blades
 * Level 3.5 Dodging
 * Level 6.6 Stealth
 * Level 3.4 Spellcasting
 * Level 4.2 Hexes
 + Level 0.1 Ice Magic


You couldn't memorise any spells.
You knew the following spells:

 Your Spells              Type           Power        Failure   Level  Hunger
a - Corona                Hex            ###....      2%          1    None
b - Ensorcelled Hibernat  Hex/Ice        ##....       12%         2    ##.....
c - Confuse               Hex            ###.....     10%         3    ###....
d - Dazzling Spray        Conj/Hex       ##......     21%         3    ###....


Dungeon Overview and Level Annotations

Branches:
Dungeon (2/15)

Altars:

Annotations:
D:2 Robin


Innate Abilities, Weirdness & Mutations

You are tiny and cannot use many weapons and most armour.
You have supernaturally acute eyesight.
You are a herbivore.
You cover ground extremely quickly.
You need consume almost no food.


Message History

You kill the ball python!
The goblin misses you.
Casting: Ensorcelled Hibernation
Confirm with . or Enter, or press ? or * to list all spells.
Aiming: Dazzling Spray
Press: ? - help, Shift-Dir - straight line, f - Robin
Aim: Robin, wielding a club, wearing an animal skin and wearing a helmet You miscast Dazzling Spray.
You feel a bit tired. Robin hits you with a club.
* * * LOW HITPOINT WARNING * * *
The goblin hits you.
* * * LOW HITPOINT WARNING * * *
Drink which item? (? for menu, Esc to quit)
Okay, then.
Read which item? (? for menu, Esc to quit)
Okay, then.
You closely miss the goblin.
Robin roars a battlecry!
The hobgoblin goes into a battle-frenzy!
Robin hits you with a club.
You die...

####### #.....#
########g(...#
#....g@gg....#
####.######g....#
##.......#
#.....###
##...#.##.#
##......#
##......##.#
#.........
#.......##.#
#.#.##.###
#.......##.#
#.#g# #
#.......##.#
#g#.#
##.†..)###.#
#.S.g


You could see Robin, 3 hobgoblins and a goblin (frenzied).

Vanquished Creatures
  3 adders (D:2)
  A gnoll (D:1)
  2 worms (D:2)
  4 giant geckos
  9 bats
  3 giant cockroaches
  9 goblins
  11 hobgoblins
  A quokka (D:2)
  A ball python (D:2)
  A giant newt (D:1)
  2 kobolds
  4 rats
51 creatures vanquished.

Notes
Turn   | Place    | Note
--------------------------------------------------------------
     0 | D:1      | juanjsm the Spriggan Enchanter began the quest for the Orb.
     0 | D:1      | Reached XP level 1. HP: 9/9 MP: 5/5
    77 | D:1      | Reached skill level 5 in Stealth
    77 | D:1      | Reached XP level 2. HP: 13/13 MP: 7/7
    82 | D:1      | Learned a level 2 spell: Ensorcelled Hibernation
   381 | D:1      | Reached XP level 3. HP: 16/16 MP: 8/8
   429 | D:1      | Learned a level 3 spell: Confuse
   897 | D:2      | Reached skill level 6 in Stealth
  1157 | D:2      | Reached XP level 4. HP: 19/21 MP: 1/9
  1162 | D:2      | Learned a level 3 spell: Dazzling Spray
  1357 | D:2      | Noticed Robin
  1390 | D:2      | Slain by Robin

Action                   |  1- 3 |  4- 6 || total
-------------------------+-------+-------++-------
Melee: Dagger            |    52 |    28 ||    80
 Cast: Ensorcelled Hiber |    13 |     4 ||    17
       Corona            |     3 |       ||     3
       Confuse           |     1 |       ||     1
 Stab: Sleeping          |    34 |     4 ||    38
